 Dungeon Crawl Stone Soup version 0.21.0-3-g78d12a8bdd (webtiles) character file.

296 Lektor the Insei (level 6, 0/70 HPs)
             Began as a Gnoll Transmuter on Jan 11, 2018.
             Was an Initiate of Wu Jian.
             Slain by krabocopter's ghost (8 damage)
             ... on level 3 of the Dungeon.
             The game lasted 00:13:40 (2379 turns).

Lektor the Insei (Gnoll Transmuter)                 Turns: 2379, Time: 00:13:40

Health: 0/70       AC: 23    Str: 13    XL:     6   Next: 35%
Magic:  14/14      EV:  2    Int: 17    God:    Wu Jian [......]
Gold:   95         SH:  0    Dex: 15    Spells: 11/15 levels left

rFire    + . .     SeeInvis .     - Unarmed
rCold    + . .     Gourm    .   (no shield)
rNeg     + + +     Faith    .   (armour currently unavailable)
rPois    +         Spirit   .   (helmet currently unavailable)
rElec    +         Reflect  .   (cloak currently unavailable)
rCorr    +         Harm     +   (gloves currently unavailable)
MR       .....     NoTele   +   (boots currently unavailable)
Stlth    ++........             m - amulet of harm
HPRegen  0.21/turn              p - +3 ring of evasion
MPRegen  0.14/turn              (no ring)

@: tree-form, resistant
A: distributed training, strong nose
a: Renounce Religion


You were on level 3 of the Dungeon.
You worshipped Wu Jian.
Wu Jian was noncommittal.
You were not hungry.
You were a tree.
You visited 1 branch of the dungeon, and saw 3 of its levels.

You collected 95 gold pieces.

Inventory:

Hand Weapons
 n - a +0 hunting sling
Missiles
 a - 12 arrows
 g - 18 bolts
 i - 149 stones
 k - 9 tomahawks (quivered)
Armour
 b - a +0 robe
 r - +0 gold dragon scales (melded)
Jewellery
 m - an amulet of harm (around neck)
 p - a +3 ring of evasion (left branch)
Scrolls
 e - a scroll of magic mapping {unknown}
 f - 3 scrolls of remove curse {unknown}
 h - 3 scrolls of identify {unknown}
 q - a scroll of random uselessness {unknown}
 v - 2 scrolls of enchant armour {unknown}
Potions
 d - 2 potions of curing
Books
 c - a book of Changes

   Spells                             Type                      Level
   a - Beastly Appendage              Transmutation                1
   b - Sticks to Snakes               Transmutation                2
   c - Spider Form                    Transmutation/Poison         3
   d - Ice Form                       Ice/Transmutation            4
   e - Blade Hands                    Transmutation                5
Comestibles
 o - 5 rations


   Skills:
 + Level 3.2 Fighting
 + Level 1.9 Short Blades
 + Level 1.9 Long Blades
 + Level 1.9 Axes
 + Level 1.9 Maces & Flails
 + Level 1.9 Polearms
 + Level 1.9 Staves
 + Level 1.9 Slings
 + Level 1.9 Bows
 + Level 1.9 Crossbows
 + Level 1.9 Throwing
 + Level 1.9 Armour
 + Level 4.9 Dodging
 + Level 1.9 Stealth
 + Level 1.9 Shields
 + Level 6.8 Unarmed Combat
 + Level 5.3 Spellcasting
 + Level 1.5 Conjurations
 + Level 1.5 Hexes
 + Level 1.5 Charms
 + Level 1.5 Summonings
 + Level 1.5 Necromancy
 + Level 1.5 Translocations
 + Level 4.1 Transmutations
 + Level 1.5 Fire Magic
 + Level 1.5 Ice Magic
 + Level 1.5 Air Magic
 + Level 1.5 Earth Magic
 + Level 1.5 Poison Magic
 + Level 2.1 Invocations
 + Level 1.9 Evocations


You had 11 spell levels left.
You knew the following spells:

 Your Spells              Type           Power        Failure   Level  Hunger
a - Beastly Appendage     Tmut           ###...       2%          1    None
b - Spider Form           Tmut/Pois      ##........   13%         3    ##.....


Dungeon Overview and Level Annotations

Branches:
Dungeon (3/15)

Altars:
Elyvilon
Makhleb
Wu Jian
The Shining One

Annotations:
D:3 krabocopter's ghost, amateur GnWn


Innate Abilities, Weirdness & Mutations

Your experience applies equally to all skills.
((You have very sharp teeth.))
Your uncanny sense of smell can sniff out nearby items.


Message History

It was a scroll of immolation.
The orc hits you but does no damage. Krabocopter's ghost hits you!
Krabocopter's ghost freezes you. The goblin hits you but does no damage.
It was a potion of lignification.
You turn into a tree.
Your +0 gold dragon scales melds into your body.
Your roots penetrate the ground.
The orc hits you from afar with a trident.
Krabocopter's ghost hits you!
* * * LOW HITPOINT WARNING * * *
Krabocopter's ghost freezes you.
* * * LOW HITPOINT WARNING * * *
You feel better. The goblin hits you but does no damage.
Krabocopter's ghost hits you.
* * * LOW HITPOINT WARNING * * *
Krabocopter's ghost freezes you.
* * * LOW HITPOINT WARNING * * *
It was a potion of resistance.
You feel protected. The goblin hits you but does no damage.
Krabocopter's ghost hits you!
You die...

#...[.........
#.###.######.. #.#
#........# ###.#
########..
#...###### ##.
#.#.......#####. #
#.#.............
#.###o#.......#####.
#.W♣go(........ #.
#####o#.......# #.
#.#.......# #.
#.#.......# ....
....#.o.## ..###
###...#..##. # .o
##o.. ∆ # .. .# #


You could see krabocopter's ghost (inner flame), 3 orcs and a goblin (inner
flame).

Vanquished Creatures
  Grinder (D:3)
  An orc priest (D:3)
  2 adders (D:3)
  2 worms
  A dart slug (D:1)
  2 leopard geckos
  7 orcs (D:3)
  A ball python (D:2)
  8 bats
  3 giant cockroaches
  8 goblins
  4 hobgoblins
  2 jackals (D:2)
  5 kobolds
  A quokka (D:3)
  2 frilled lizards (D:2)
  6 rats
56 creatures vanquished.

Notes
Turn   | Place    | Note
-------+----------+-------------------------------------------
     0 | D:1      | Lektor the Gnoll Transmuter began the quest for the Orb.
     0 | D:1      | Reached XP level 1. HP: 17/17 MP: 6/6
   170 | D:1      | Reached XP level 2. HP: 11/23 MP: 7/7
   832 | D:2      | Reached XP level 3. HP: 24/28 MP: 9/9
   850 | D:2      | Reached skill level 5 in Spellcasting
  1362 | D:2      | Reached skill level 1 in Invocations
  1840 | D:2      | Found a white marble altar of Elyvilon.
  1841 | D:2      | Found an ornate altar of the Wu Jian Council.
  1842 | D:2      | Found a glowing golden altar of the Shining One.
  1848 | D:2      | Found a burning altar of Makhleb.
  1863 | D:2      | Became a worshipper of the Wu Jian Council
  1987 | D:3      | Noticed Grinder
  1997 | D:3      | Learned a level 3 spell: Spider Form
  2016 | D:3      | Killed Grinder
  2016 | D:3      | Reached skill level 1 in Short Blades
  2016 | D:3      | Reached skill level 1 in Long Blades
  2016 | D:3      | Reached skill level 1 in Axes
  2016 | D:3      | Reached skill level 1 in Maces & Flails
  2016 | D:3      | Reached skill level 1 in Polearms
  2016 | D:3      | Reached skill level 1 in Staves
  2016 | D:3      | Reached skill level 1 in Slings
  2016 | D:3      | Reached skill level 1 in Bows
  2016 | D:3      | Reached skill level 1 in Crossbows
  2016 | D:3      | Reached skill level 1 in Throwing
  2016 | D:3      | Reached skill level 1 in Armour
  2016 | D:3      | Reached skill level 1 in Stealth
  2016 | D:3      | Reached skill level 1 in Shields
  2016 | D:3      | Reached skill level 1 in Conjurations
  2016 | D:3      | Reached skill level 1 in Hexes
  2016 | D:3      | Reached skill level 1 in Charms
  2016 | D:3      | Reached skill level 1 in Summonings
  2016 | D:3      | Reached skill level 1 in Necromancy
  2016 | D:3      | Reached skill level 1 in Translocations
  2016 | D:3      | Reached skill level 1 in Fire Magic
  2016 | D:3      | Reached skill level 1 in Ice Magic
  2016 | D:3      | Reached skill level 1 in Air Magic
  2016 | D:3      | Reached skill level 1 in Earth Magic
  2016 | D:3      | Reached skill level 1 in Poison Magic
  2016 | D:3      | Reached skill level 1 in Evocations
  2016 | D:3      | Reached XP level 4. HP: 16/35 MP: 11/11
  2016 | D:3      | Reached XP level 5. HP: 19/41 MP: 12/12
  2016 | D:3      | Reached XP level 6. HP: 22/47 MP: 13/13
  2374 | D:3      | Noticed krabocopter's ghost (amateur GnWn)
  2379 | D:3      | Slain by krabocopter's ghost

Skill      XL: |  1  2  3  4  5  6 |
---------------+-------------------+-----
Spellcasting   | 5 |  5.3
Invocations    | 1 2 |  2.1
Fighting       | 3 |  3.2
Short Blades   | 1 |  1.9
Long Blades    | 1 |  1.9
Axes           | 1 |  1.9
Maces & Flails | 1 |  1.9
Polearms       | 1 |  1.9
Staves         | 1 |  1.9
Slings         | 1 |  1.9
Bows           | 1 |  1.9
Crossbows      | 1 |  1.9
Throwing       | 1 |  1.9
Armour         | 1 |  1.9
Stealth        | 1 |  1.9
Shields        | 1 |  1.9
Conjurations   | 1 |  1.5
Hexes          | 1 |  1.5
Charms         | 1 |  1.5
Summonings     | 1 |  1.5
Necromancy     | 1 |  1.5
Translocations | 1 |  1.5
Transmutations | 4 |  4.1
Fire Magic     | 1 |  1.5
Ice Magic      | 1 |  1.5
Air Magic      | 1 |  1.5
Earth Magic    | 1 |  1.5
Poison Magic   | 1 |  1.5
Evocations     | 1 |  1.9
Dodging        | |  4.9
Unarmed Combat | |  6.8

Action                   |  1- 3 |  4- 6 || total
-------------------------+-------+-------++-------
Melee: Unarmed           |    83 |    64 ||   147
       Spear             |    50 |       ||    50
       Bite              |    16 |     8 ||    24
       Headbutt          |     3 |       ||     3
       Punch             |     2 |     2 ||     4
       Kick              |     2 |       ||     2
Throw: Stone             |     8 |     4 ||    12
       Tomahawk          |       |     2 ||     2
 Cast: Beastly Appendage |     3 |       ||     3
Invok: Lunge             |       |     4 ||     4
  Use: Potion            |     1 |     3 ||     4
       Scroll            |       |     2 ||     2
 Stab: Sleeping          |     1 |       ||     1
  Eat: Ration            |     1 |       ||     1
       Chunk             |       |     1 ||     1
Armor: Robe              |    16 |     1 ||    17
       Gold dragon scale |       |    16 ||    16
       Skin              |       |     2 ||     2
Dodge: Dodged            |    85 |    36 ||   121
